 Dungeon Crawl Stone Soup version 0.30-b1-2-g02819fbbbe (webtiles) character file.

Game seed: 11179146728037441648

18251 Flugkiller the Fighter (level 12, -7/113 HPs)
             Began as a Minotaur Fighter on May 8, 2023.
             Was an Elder of Cheibriados.
             Mangled by a slime creature (15 damage)
             ... on level 12 of the Dungeon.
             The game lasted 00:06:30 (14614 turns).

Flugkiller the Fighter (Minotaur Fighter)          Turns: 14614, Time: 00:06:31

Health: -7/113     AC: 21    Str: 35    XL:     12   Next: 26%
Magic:  15/15      EV:  8    Int: 15    God:    Cheibriados [****..]
Gold:   838        SH: 12    Dex: 21    Spells: 11/11 levels left

rFire   + . .        j - +3 war axe
rCold   . . .        k - +0 kite shield
rNeg    . . .        l - +0 plate armour
rPois   .            (helmet restricted)
rElec   .            (no cloak)
rCorr   .            n - +0 pair of gloves
SInv    .            y - +2 pair of boots
Will    .....        (no amulet) Stlth
                     f - ring of protection from fire
HPRegen 0.38/turn    (no ring)
MPRegen 0.14/turn

%: no passive effects
@: mighty, very slow
A: horns 2, retaliatory headbutt
a: Renounce Religion, Bend Time, Temporal Distortion, Slouch


You were on level 12 of the Dungeon.
You worshipped Cheibriados.
Cheibriados was greatly pleased with you.
You visited 1 branch of the dungeon, and saw 12 of its levels.

You collected 838 gold pieces.

Inventory:

Hand Weapons
 a - a +1 war axe of freezing
 j - a +3 war axe (weapon)
   (You took it off a wight on level 8 of the Dungeon)
Missiles
 p - 2 throwing nets (quivered)
Armour
 k - a +0 kite shield (worn)
   (You found it on level 2 of the Dungeon)
 l - a +0 plate armour (worn)
   (You took it off an orc warrior on level 7 of the Dungeon)
 n - a +0 pair of gloves (worn)
   (You found it on level 8 of the Dungeon)
 y - a +2 pair of boots (worn)
   (You found it on level 5 of the Dungeon)
Jewellery
 f - a ring of protection from fire (left hand)
   (You found it on level 1 of the Dungeon)
Wands
 g - a wand of digging (3)
   (You took it off Fannar on level 12 of the Dungeon)
 A - a wand of acid (2)
   (You found it on level 10 of the Dungeon)
Scrolls
 b - a scroll of immolation
 e - 3 scrolls of fear
 i - a scroll of summoning
 r - a scroll of identify
 t - 2 scrolls of teleportation
 v - a scroll of poison
 z - 2 scrolls of fog
Potions
 c - a potion of invisibility {unknown}
 d - 2 potions of might
 h - 3 potions of flight
 m - a potion of magic {unknown}
 o - 2 potions of lignification {unknown}
 q - 2 potions of curing
 s - a potion of ambrosia {unknown}
 u - a potion of resistance {unknown}
 x - 2 potions of attraction {unknown}


   Skills:
 * Level 12.9 Fighting
 * Level 12.6 Axes
 * Level 12.8 Armour
 + Level 9.5 Shields
 + Level 6.3 Invocations


You had 11 spell levels left.
You didn't know any spells.
Your spell library was empty.

Dungeon Overview and Level Annotations

Branches:
Dungeon (12/15)            Temple (0/1) D:6            Lair (0/5) D:9
    Orc (0/2) D:9

Altars:
Cheibriados
Dithmenos
Elyvilon
Fedhas
Hepliaklqana
Makhleb
Nemelex Xobeh
Sif Muna
Trog
Uskayaw
Wu Jian
Xom
Zin
Jiyva

Annotations:
D:3 exclusion: 2 goblins
D:11 2 transporters


Innate Abilities, Weirdness & Mutations

You have a pair of horns on your head.
You reflexively headbutt those who attack you in melee.


Message History

Snorg bites you. You block Snorg's attack. Snorg claws you but does no damage.
You slash the centaur warrior zombie!
Your headbutt misses the centaur warrior zombie.
The centaur warrior zombie is severely damaged.
You slash Snorg!
The centaur warrior zombie hits you but does no damage.
The centaur warrior zombie kicks you but does no damage.
Snorg bites you!! Snorg claws you. You block Snorg's attack.
You hit Snorg.
Snorg is heavily wounded.
You slash the centaur warrior zombie! You block Snorg's attack.
Snorg claws you but does no damage. x2
The centaur warrior zombie barely misses you.
You furiously retaliate!
You headbutt the centaur warrior zombie!
The centaur warrior zombie kicks you but does no damage.
You block Snorg's attack. Snorg claws you! x2
The centaur warrior zombie hits you but does no damage.
The centaur warrior zombie kicks you but does no damage.
You slice Snorg!!
Snorg is severely wounded.
You hit the centaur warrior zombie. Snorg bites you!
* * * LOW HITPOINT WARNING * * *
You block Snorg's attack. x2
You block the centaur warrior zombie's attack.
The centaur warrior zombie kicks you but does no damage.
You slice Snorg!!
Snorg is almost dead.
You hit the centaur warrior zombie. Snorg bites you.
* * * LOW HITPOINT WARNING * * *
Snorg claws you!
* * * LOW HITPOINT WARNING * * *
You block Snorg's attack. The centaur warrior zombie hits you!
* * * LOW HITPOINT WARNING * * *
The centaur warrior zombie barely misses you.
Snorg barely misses you. You furiously retaliate!
You headbutt Snorg!! Snorg claws you but does no damage.
Snorg closely misses you.
You slice Snorg!!
You kill Snorg!
Cheibriados thoroughly appreciates the change of pace.
You slice the centaur warrior zombie!!
You destroy the centaur warrior zombie!
Cheibriados thoroughly appreciates the change of pace.
You feel much better.
You slice the slime creature!!
The slime creature is heavily wounded.
You block the slime creature's attack.
You slice the slime creature!!
The slime creature is almost dead.
You block the slime creature's attack.
You hit the slime creature. You headbutt the slime creature!
You kill the slime creature!
Cheibriados thoroughly appreciates the change of pace.
Two slime creatures merge to form a large slime creature.
You slice the slime creature!!
The slime creature is moderately wounded.
You slash the slime creature! You headbutt the slime creature!
The slime creature is severely wounded.
You block the slime creature's attack.
You barely miss the slime creature. You headbutt the slime creature!!
You kill the slime creature!
Cheibriados thoroughly appreciates the change of pace.
You slice the large slime creature!! You headbutt the large slime creature!
The large slime creature is moderately wounded.
A large slime creature splits.
You slice the slime creature!!
The slime creature is severely wounded.
You barely miss the slime creature. You block the slime creature's attack.
You slice the slime creature!!
The slime creature is almost dead.
You slash the slime creature!
The slime creature hits you but does no damage. x2
You slice the slime creature!!
You kill the slime creature!
Cheibriados appreciates the change of pace.
You slash the slime creature!
The sentinel's mark upon you fades away.
You block the slime creature's attack.
You barely miss the slime creature. You headbutt the slime creature!
The slime creature is almost dead.
The slime creature hits you!
* * * LOW HITPOINT WARNING * * *
You slash the slime creature!
You kill the slime creature!
Cheibriados appreciates the change of pace.
You slice the slime creature!! You headbutt the slime creature!
The slime creature is heavily wounded.
The slime creature hits you!
* * * LOW HITPOINT WARNING * * *
You slice the slime creature!! You headbutt the slime creature.
You kill the slime creature!
Cheibriados thoroughly appreciates the change of pace.
You slash the slime creature! You headbutt the slime creature!
The slime creature is moderately wounded.
The slime creature hits you!
* * * LOW HITPOINT WARNING * * *
You slash the slime creature! You headbutt the slime creature!
The slime creature is severely wounded.
The slime creature hits you!
You die...

#.......# ........#...
#.......#..#
#.......#..#
#######.......#..#
.................#
.................##+##..
.........8..............
..######........@.......
..# #.8.....J........
..# #................
..# #.8........######
..# #..........# ...
.....#+###### ...
.....#. ### ####..#..
#..##


You could see a slime creature.

Vanquished Creatures
  Snorg (D:12)
  Fannar (D:12)
  3 two-headed ogres
  Sonja (D:10)
  Pikel (D:5)
  2 centaur zombies (D:12)
  3 gargoyles
  A komodo dragon (D:12)
  A rime drake (D:9)
  4 trolls
  A polar bear (D:9)
  Grinder (D:5)
  A hornet (D:8)
  9 slime creatures (D:12)
  A shadow (D:9)
  3 wraiths
  A wyvern (D:10)
  17 yaks
  Eustachio (D:4)
  A steam dragon (D:7)
  Menkaure (D:5)
  2 acid dragons
  A water moccasin (D:7)
  A swamp drake (D:9)
  A black bear (D:4)
  2 ice beasts (D:9)
  6 orc warriors
  A sky beast (D:8)
  2 ogres
  2 wolves (D:9)
  14 centaurs
  3 kobold brigands
  2 lemures (D:5)
  5 bullfrogs
  3 scorpions
  A gnoll sergeant (D:6)
  11 wights
  6 killer bees (D:9)
  A howler monkey (D:12)
  8 hounds
  7 orc priests
  A sleepcap (D:6)
  3 iguanas
  Jessica (D:2)
  2 gnoll boudas
  10 orc wizards
  4 adders (D:2)
  16 gnolls
  2 ufetubi
  3 worms
  3 dart slugs
  43 orcs
  5 ball pythons
  7 bats
  9 endoplasms
  5 giant cockroaches
  14 goblins
  5 hobgoblins
  10 jackals
  20 kobolds
  6 frilled lizards
  4 rats
307 creatures vanquished.

Vanquished Creatures (others)
  An orc (D:9)
1 creature vanquished.

Grand Total: 308 creatures vanquished

Notes
Turn   | Place    | Note
-------+----------+-------------------------------------------
     0 | D:1      | Flugkiller the Minotaur Fighter began the quest for the
                  | Orb.
     0 | D:1      | Reached XP level 1. HP: 19/19 MP: 0/0
    77 | D:1      | Reached XP level 2. HP: 19/27 MP: 1/1
   127 | D:1      | Reached XP level 3. HP: 29/33 MP: 2/2
   477 | D:2      | Reached XP level 4. HP: 39/41 MP: 3/3
   587 | D:2      | Found a shimmering altar of Xom.
   622 | D:2      | Noticed Jessica
   633 | D:2      | Killed Jessica
   823 | D:2      | Found a faded altar of an unknown god.
  1198 | D:2      | Reached XP level 5. HP: 46/47 MP: 4/4
  1276 | D:3      | Reached skill level 5 in Fighting
  1962 | D:3      | Found a blossoming altar of Fedhas.
  2048 | D:3      | Found a white marble altar of Elyvilon.
  2325 | D:4      | Reached skill level 5 in Armour
  2351 | D:4      | Noticed Eustachio
  2397 | D:4      | Killed Eustachio
  2398 | D:4      | Reached skill level 5 in Axes
  2398 | D:4      | Reached XP level 6. HP: 25/56 MP: 5/5
  2727 | D:4      | Reached skill level 5 in Shields
  2727 | D:4      | Reached XP level 7. HP: 44/63 MP: 6/6
  3894 | D:5      | Entered Level 5 of the Dungeon
  3894 | D:5      | Found a snail-covered altar of Cheibriados.
  4073 | D:5      | Became a worshipper of Cheibriados the Contemplative
  4092 | D:5      | Found a hide-covered altar of Uskayaw.
  4228 | D:5      | Found a sparkling altar of Nemelex Xobeh.
  4252 | D:5      | Found a bloodstained altar of Trog.
  4420 | D:5      | Noticed Pikel
  4439 | D:5      | Killed Pikel
  4440 | D:5      | Reached skill level 1 in Invocations
  4440 | D:5      | Reached XP level 8. HP: 37/73 MP: 6/8
  4774 | D:5      | Noticed Grinder
  4777 | D:5      | Paralysed by Grinder for 4 turns
  4784 | D:5      | Killed Grinder
  4943 | D:5      | Noticed Menkaure
  4955 | D:5      | Killed Menkaure
  5369 | D:5      | You fall into a shaft and drop 3 floors!
  5387 | D:8      | Reached XP level 9. HP: 72/81 MP: 9/9
  5641 | D:7      | Reached * piety under Cheibriados
  6078 | D:5      | Found a shimmering blue altar of Sif Muna.
  6078 | D:5      | Found a shadowy altar of Dithmenos.
  6807 | D:6      | Found a burning altar of Makhleb.
  6814 | D:6      | Identified the +9 whip "Keazupem" {spect, rF++ MP+9}
  6905 | D:6      | HP: 2/83 [centaur (4)]
  7158 | D:6      | Identified the +0 helmet of Shielding {+Blink}
  7359 | D:6      | Found a staircase to the Ecumenical Temple.
  7389 | D:6      | Found a hazy altar of Hepliaklqana.
  7947 | D:7      | Reached ** piety under Cheibriados
  8781 | D:8      | Reached XP level 10. HP: 84/91 MP: 11/11
  8937 | D:8      | Found a glowing silver altar of Zin.
  9204 | D:8      | Reached *** piety under Cheibriados
  9577 | D:8      | Paralysed by a hornet for 2 turns
  9585 | D:8      | Reached skill level 10 in Fighting
 10073 | D:8      | Noticed a rakshasa
 10280 | D:9      | Reached skill level 10 in Armour
 10380 | D:9      | Found a staircase to the Lair.
 10389 | D:9      | Reached skill level 10 in Axes
 10390 | D:9      | Reached **** piety under Cheibriados
 10731 | D:9      | Found a staircase to the Orcish Mines.
 10894 | D:9      | Identified the +1 scale mail of Classification {Rampage rC+
                  | Stlth+}
 10910 | D:9      | Noticed a two-headed ogre
 10918 | D:9      | Killed a two-headed ogre
 11208 | D:9      | Found an ornate altar of the Wu Jian Council.
 11267 | D:9      | Reached XP level 11. HP: 92/102 MP: 13/13
 11587 | D:10     | Entered Level 10 of the Dungeon
 11668 | D:10     | Reached ***** piety under Cheibriados
 11914 | D:10     | Reached skill level 5 in Invocations
 11980 | D:10     | Noticed Sonja
 11991 | D:10     | Killed Sonja
 12602 | D:11     | Noticed a great orb of eyes
 12738 | D:11     | Found a transporter.
 12740 | D:11     | Found a viscous altar of Jiyva.
 12796 | D:11     | Noticed a two-headed ogre
 12809 | D:11     | Killed a two-headed ogre
 12990 | D:11     | Found a transporter.
 13059 | D:11     | Noticed a two-headed ogre
 13072 | D:11     | Killed a two-headed ogre
 13849 | D:12     | Noticed Fannar
 13860 | D:12     | Killed Fannar
 14194 | D:12     | Reached XP level 12. HP: 95/113 MP: 15/15
 14574 | D:12     | Noticed Snorg
 14589 | D:12     | HP: 1/113 [centaur warrior zombie (8)]
 14590 | D:12     | Killed Snorg
 14614 | D:12     | Mangled by a slime creature

Illustrated notes

Levels and vault maps discovered:
D:1:      sevenhm_arrival_forest_fort_small_3, layout_rooms
D:2:      layout_basic, basic_altar, shapermc_ecumenical_altar_venn,
          uniq_jessica
D:3:      layout_loops_corners, kennysheep_okawaru_gauntlet,
          mainiacjoe_overflow_tiny_flanked, general_overflow_altar,
          kennysheep_generic_room_8
D:4:      layout_layer_cave, uniq_eustachio
D:5:      layout_layer_cave, trog_book, mainiacjoe_overflow_brackets,
          lemuel_doored_altar, mainiacjoe_overflow_concentric_impassable,
          gammafunk_temple_overflow_pools, chequers_mini_garden,
          minmay_misc_feat_hallway, grunt_ministairs_8, uniq_pikel,
          uniq_grinder, uniq_menkaure
D:6:      layout_loops_ring, lemuel_coloured_pillars_altar, bloody_makhleb,
          temple_statues, columned_hall_lemuel
D:7:      layout_loops_corners, enter_bailey_3
D:8:      layout_layer_cave, mainiacjoe_overflow_chevrons, wad_dig_loot
D:9:      layout_small_grid, nzn_wu_jian_council_hall, hellmonk_lair_entry_icy,
          erik_orc_1, kennysheep_generic_room_9
D:10:     layout_loops_corners, uniq_sonja
D:11:     gammafunk_jiyva_shrine, layout_loops_ring, gauntlet_entry_generic,
          minmay_misc_feat_doors
D:12:     layout_irregular_city, serial_column_ruins, column_ruins_hut,
          column_ruins_open_medium, column_ruins_columns_dead_end,
          column_ruins_columns_corner, lemuel_zombie_altar_yredelemnul,
          uniq_snorg, uniq_fannar

Skill      XL: |  1  2  3  4  5  6  7  8  9 10 11 |
---------------+----------------------------------+-----
Fighting       | 4 5 6 7 8 9 11 12 | 12.9
Armour         | 4 5 7 8 9 11 12 | 12.8
Axes           | 3 4 5 7 9 10 12 | 12.6
Shields        | 4 5 6 7 8 9 |  9.5
Invocations    | 1 2 3 4 6 |  6.3

Action                     |  1- 3 |  4- 6 |  7- 9 | 10-12 || total
---------------------------+-------+-------+-------+-------++-------
  Melee: War axe           |    67 |   127 |   222 |   359 ||   775
         Headbutt          |    10 |    19 |    48 |    81 ||   158
 Invoke: Slouch            |       |       |       |     2 ||     2
         Temporal Distorti |       |       |       |     2 ||     2
    Use: Potion            |       |     4 |     5 |     4 ||    13
         Scroll            |       |       |    11 |     9 ||    20
   Stab: Confused          |       |       |       |     1 ||     1
 Armour: Scale mail        |    43 |    63 |    57 |       ||   163
         Plate armour      |       |       |    31 |   203 ||   234
  Dodge: Dodged            |    44 |    49 |    84 |   117 ||   294
  Block: Buckler           |    20 |     1 |       |       ||    21
         Kite shield       |       |    56 |   152 |   248 ||   456
